 Dungeon Crawl Stone Soup version 0.29-a0-330-g52719c12eb (webtiles) character file.

Game seed: 6666922560489143525

23809 iguanaiguana the Cruncher (level 13, -4/101 HPs)
             Began as a Formicid Fighter on Apr 12, 2022.
             Was a High Priest of Okawaru.
             Slain by a death yak (9 damage)
             ... on level 3 of the Lair of Beasts on Apr 13, 2022.
             The game lasted 00:37:51 (14672 turns).

iguanaiguana the Cruncher (Formicid Fighter)       Turns: 14672, Time: 00:37:51

Health: -4/101     AC: 22    Str: 29    XL:     13   Next: 38%
Magic:  22/22      EV: 23    Int:  8    God:    Okawaru [*****.]
Gold:   984        SH:  6    Dex: 19    Spells: 12/12 levels left

rFire   + . .      SeeInvis +   t - +4 quarterstaff (protect)
rCold   + . .      Faith    .   c - +0 buckler
rNeg    . . .      Spirit   .   C - +3 chain mail {rPois}
rPois   +          Reflect  .   (helmet unavailable)
rElec   .          Harm     .   q - +2 cloak
rCorr   .          Rampage  .   X - +1 pair of gloves {Str+3}
Will    +....                   W - +1 pair of boots
Stlth   ..........              D - amulet of Jouquv {Acrobat -Tele rC+ Dex+3}
HPRegen 0.26/turn               x - +6 ring of dexterity
MPRegen 0.18/turn               G - ring of protection from fire

@: mighty, acrobatic
A: permanent stasis, dig shafts and tunnels, antennae 3, four strong arms
a: Dig, Shaft Self, Renounce Religion, Heroism, Finesse, Duel


You were on level 3 of the Lair of Beasts.
You worshipped Okawaru.
Okawaru was extremely pleased with you.
You visited 3 branches of the dungeon, and saw 15 of its levels.
You also visited: Ice Cave.

You collected 1243 gold pieces.
You spent 259 gold pieces at shops.

Inventory:

Hand Weapons
 a - a +1 quarterstaff
 s - the +5 dagger "Vukuse" {vorpal, rC+ rN+ Str+3 Stlth+}
   (You found it on level 11 of the Dungeon)

   It inflicts extra damage upon your enemies.
   Str:       It affects your strength (+3).
   rC:        It protects you from cold.
   rN:        It protects you from negative energy.
   Stlth:     It makes you more stealthy.
 t - a +4 quarterstaff of protection (weapon)
 Q - the +7 Singing Sword {vorpal, sonic wave}
   (You found it in an ice cave)

   It inflicts extra damage upon your enemies.
   It radiates damaging sonic waves as it strikes, especially in combat
   involving dangerous or numerous foes.
Missiles
 k - 5 curare-tipped darts
 K - a throwing net
Armour
 c - a +0 buckler (worn)
 q - a +2 cloak (worn)
 C - a +3 chain mail of poison resistance (worn)
 O - a +0 chain mail of cold resistance
 W - a +1 pair of boots (worn)
 X - a +1 pair of gloves of strength (worn)
Magical Staves
 o - a staff of air
Jewellery
 r - an amulet of regeneration
 x - a +6 ring of dexterity (left hand)
 y - a ring of fire
 A - a ring of positive energy
 D - the amulet of Jouquv (around neck) {Acrobat -Tele rC+ Dex+3}
   (You acquired it on level 9 of the Dungeon)

   [amulet of the acrobat]

   It increases your evasion while moving and waiting.
   Dex:       It affects your dexterity (+3).
   rC:        It protects you from cold.
   -Tele:     It prevents most forms of teleportation.
 E - a ring of flight
 G - a ring of protection from fire (right hand)
 L - a ring of magical power
 Y - a +6 ring of dexterity
Wands
 b - a wand of polymorph (4)
 g - a wand of paralysis (6)
 j - a wand of digging (2) {@v3}
 m - a wand of flame (36)
 u - a wand of mindburst (11)
Scrolls
 d - 3 scrolls of blinking {@r4}
 e - 3 scrolls of enchant weapon
 f - 2 scrolls of immolation
 l - 3 scrolls of teleportation {@r3}
 z - a scroll of summoning
 I - a scroll of silence {unknown}
 M - a scroll of amnesia {unknown}
 N - 2 scrolls of magic mapping {@r5}
 P - a scroll of brand weapon
 S - a scroll of fear {unknown}
Potions
 h - 2 potions of degeneration
 n - 2 potions of lignification
 v - a potion of flight
 w - a potion of magic
 B - 4 potions of mutation
 H - a potion of attraction {unknown}
 J - 2 potions of brilliance
 T - a potion of resistance {unknown}
Miscellaneous
 R - a box of beasts
 V - a condenser vane (inert)


   Skills:
 + Level 9.4 Fighting
 - Level 14.0 Staves
 + Level 9.4 Armour
 - Level 6.0 Shields
 * Level 13.3 Invocations
 + Level 3.6 Evocations


You had 12 spell levels left.
You didn't know any spells.
Your spell library contained the following spells:

 Spells                   Type           Power      Damage    Failure   Level
 Magic Dart               Conj           0%         1d3       91%         1
 Slow                     Hex            0%         N/A       91%         1
 Sting                    Tmut/Pois      0%         1d3       91%         1
 Poisonous Vapours        Pois/Air       0%         N/A       97%         2
 Confusing Touch          Hex            0%         N/A       100%        3
 Conjure Flame            Conj/Fire      0%         6-21      100%        3
 Ignite Poison            Fire/Tmut/Pois 0%         N/A       100%        3
 Mephitic Cloud           Conj/Pois/Air  0%         N/A       100%        3
 Vampiric Draining        Necr           0%         2d6       100%        3
 Hailstorm                Conj/Ice       0%         3d3       100%        4
 Ice Form                 Ice/Tmut       0%         N/A       100%        4
 Olgreb's Toxic Radiance  Pois           0%         N/A       100%        4
 Sticky Flame             Conj/Fire      0%         2d3       100%        4
 Call Imp                 Summ           Unusable   N/A       N/A         2
 Simulacrum               Ice/Necr       Unusable   N/A       N/A         6

Dungeon Overview and Level Annotations

Branches:
Dungeon (11/15)            Temple (1/1) D:6            Lair (3/6) D:11
    Orc (0/2) D:10          IceCv (visited)
  Swamp: Lair:2-4    Shoals: Lair:2-4     Snake: Lair:2-4    Spider: Lair:2-4

Altars:
Ashenzari
Cheibriados
Dithmenos
Hepliaklqana
Makhleb
Nemelex Xobeh
Okawaru
Qazlal
Ru
Sif Muna
Wu Jian
Xom
The Shining One

Shops:
D:5 [   D:7 *::   D:9 :   D:10 (


Innate Abilities, Weirdness & Mutations

You cannot be hasted, slowed, berserked, paralysed or teleported.
You can dig through walls and to a lower floor.
You have a pair of large antennae on your head. (SInv)
Your four strong arms can wield two-handed weapons with a shield.


Message History

You feel better.
The death yak gores you but does no damage.
You feel better. The death yak gores you.
* * * LOW HITPOINT WARNING * * *
You feel better.
The death yak gores you but does no damage.
You feel very mighty all of a sudden.
The death yak gores you but does no damage.
You sock the death yak!
The death yak is severely wounded.
The death yak gores you.
* * * LOW HITPOINT WARNING * * *
You thump the death yak!
The death yak is almost dead.
You bludgeon the death yak!!
You kill the death yak!
Okawaru accepts your kill. Okawaru crowns you victorious!
An exit appears.
Unknown command.
Unknown command.
Your transformation is almost over.
Okawaru bids you farewell from the Arena.
Unknown command.
Unknown command.
Unknown command.
You cannot move.
You feel less wooden.
Your +2 cloak unmelds from your body.
Your +1 pair of gloves of strength unmelds from your body.
Your +1 pair of boots unmelds from your body.
Your +3 chain mail of poison resistance unmelds from your body.
You feel stronger.
You feel resistant to poison.
Your hands slow down.
You are returned from the Arena.
Welcome back to the Lair of Beasts!
The death yak gores you but does no damage.
The death yak gores you!!
* * * LOW HITPOINT WARNING * * *
The death yak gores you!
You die...

#+ ###### ..
##.8..#.##.#
#..Y........
#8Y@Y..l..8.
#.....#.....
##.8.## ###
###.# .## {
#


You could see 3 death yaks and a basilisk.

Vanquished Creatures
  A hydra (Lair:3)
  3 two-headed ogres
  4 death yaks
  2 bog bodies (IceCv)
  An ugly thing (D:7)
  4 cane toads
  A gargoyle (D:10)
  2 unseen horrors
  4 kobold demonologists (D:9)
  An entropy weaver simulacrum (IceCv)
  A polar bear (Lair:1)
  A hornet (D:10)
  Prince Ribbit (D:8)
  8 blink frogs
  Grinder (D:3)
  A dire elephant simulacrum (IceCv)
  Sigmund (D:4)
  A shadow (D:10)
  2 wraiths
  Eustachio (D:6)
  A wyvern (D:9)
  24 yaks
  A basilisk (Lair:1)
  4 vampire mosquitoes (D:10)
  A steam dragon (D:7)
  2 death yak simulacra (IceCv)
  A harpy simulacrum (IceCv)
  Edmund (D:4)
  An acid dragon (D:11)
  4 water moccasins
  3 orc warriors
  An ice beast (D:5)
  3 swamp drakes (D:10)
  A sky beast (D:5)
  2 black bears
  An ogre (D:6)
  A centaur (D:7)
  6 wolves (Lair:1)
  5 kobold brigands
  2 phantoms
  4 bullfrogs
  3 two-headed ogre simulacra (IceCv)
  3 necrophages
  4 scorpions
  2 cane toad simulacra (IceCv)
  A gnoll sergeant (D:8)
  8 wights
  13 killer bees (D:9)
  5 elephant simulacra (IceCv)
  2 howler monkeys
  A jelly (D:4)
  9 orc priests
  3 hounds
  Crazy Yiuf (D:3)
  12 orc wizards
  Ijyb (D:3)
  Natasha (thrice) (D:2)
  An iguana (D:6)
  5 spriggan simulacra (IceCv)
  A polar bear simulacrum (IceCv)
  11 troll simulacra (IceCv)
  2 wolf simulacra (IceCv)
  15 gnolls
  7 adders
  3 naga simulacra (IceCv)
  11 river rats (D:5)
  A shadow imp (D:5)
  5 white imps (IceCv)
  6 ufetubi (IceCv)
  A worm (D:3)
  26 orcs
  9 ball pythons
  3 endoplasms
  4 giant cockroaches
  5 goblins
  4 hobgoblins
  4 jackals
  13 kobolds
  4 quokkas
  A bat (D:1)
  2 frilled lizards
  12 rats
337 creatures vanquished.

Vanquished Creatures (others)
  A slime creature (D:11)
  3 fungi
  63 plants
67 creatures vanquished.

Grand Total: 404 creatures vanquished

Notes
Turn   | Place    | Note
-------+----------+-------------------------------------------
     0 | D:1      | iguanaiguana the Formicid Fighter began the quest for the
                  | Orb.
     0 | D:1      | Reached XP level 1. HP: 18/18 MP: 1/1
   201 | D:1      | Reached XP level 2. HP: 24/24 MP: 2/2
   330 | D:1      | Found a faded altar of an unknown god.
   582 | D:1      | Reached skill level 3 in Staves
   762 | D:2      | Reached XP level 3. HP: 29/29 MP: 3/3
   902 | D:2      | Found a glowing golden altar of the Shining One.
   940 | D:2      | Reached XP level 4. HP: 16/35 MP: 4/4
  1161 | D:2      | Noticed Natasha
  1165 | D:2      | Killed Natasha
  1166 | D:2      | Reached skill level 4 in Staves
  1193 | D:2      | Identified the +1 dagger "Viodog" {flame, Int+4}
  1227 | D:2      | Noticed Natasha
  1239 | D:2      | Killed Natasha
  1240 | D:2      | Reached XP level 5. HP: 16/41 MP: 5/5
  1527 | D:2      | Identified the +0 robe "Geuckin" {rElec Dex+4}
  1886 | D:2      | Found a glowing golden altar of the Shining One.
  2012 | D:2      | Noticed Natasha
  2018 | D:2      | Killed Natasha
  2019 | D:2      | Reached skill level 5 in Staves
  2322 | D:2      | Found a glowing golden altar of the Shining One.
  2519 | D:3      | Noticed a black bear
  2524 | D:3      | Killed a black bear
  2525 | D:3      | Reached XP level 6. HP: 36/47 MP: 6/6
  2698 | D:3      | Found a hazy altar of Hepliaklqana.
  2699 | D:3      | Found a shadowy altar of Dithmenos.
  2700 | D:3      | Found a stormy altar of Qazlal.
  2701 | D:3      | Found an iron altar of Okawaru.
  2705 | D:3      | Became a worshipper of Warmaster Okawaru
  2813 | D:3      | Reached skill level 6 in Staves
  2984 | D:3      | Found a glowing golden altar of the Shining One.
  3513 | D:3      | Found a runed translucent door.
  3514 | D:3      | Noticed Crazy Yiuf
  3551 | D:3      | Killed Crazy Yiuf
  3640 | D:3      | Noticed Ijyb
  3640 | D:3      | Noticed Grinder
  3657 | D:3      | Killed Ijyb
  3672 | D:3      | Killed Grinder
  3672 | D:3      | Reached * piety under Okawaru
  3673 | D:3      | Reached skill level 7 in Staves
  3673 | D:3      | Reached XP level 7. HP: 37/52 MP: 7/7
  4076 | D:4      | Noticed Edmund
  4084 | D:4      | Killed Edmund
  4085 | D:4      | Reached skill level 1 in Invocations
  4276 | D:4      | Reached ** piety under Okawaru
  4277 | D:4      | Reached skill level 8 in Staves
  4277 | D:4      | Reached XP level 8. HP: 59/59 MP: 9/9
  4586 | D:4      | Noticed Sigmund
  4588 | D:4      | Killed Sigmund
  5047 | D:5      | Entered Level 5 of the Dungeon
  5380 | D:5      | Found Bykarr's Antique Armour Shop.
  5409 | D:5      | Bought a shiny chain mail for 172 gold pieces
  5497 | D:5      | Found a burning altar of Makhleb.
  5626 | D:5      | Reached skill level 5 in Shields
  5626 | D:5      | Reached XP level 9. HP: 66/66 MP: 12/12
  6055 | D:4      | Reached skill level 5 in Invocations
  6243 | D:4      | Reached *** piety under Okawaru
  6244 | D:4      | Reached skill level 9 in Staves
  6329 | D:5      | Reached skill level 5 in Fighting
  6465 | D:6      | Reached skill level 5 in Armour
  6553 | D:6      | Found a snail-covered altar of Cheibriados.
  6561 | D:6      | Noticed Eustachio
  6578 | D:6      | Killed Eustachio
  6584 | D:6      | Found a staircase to the Ecumenical Temple.
  6654 | Temple   | Entered the Ecumenical Temple
  6963 | D:6      | Reached **** piety under Okawaru
  6977 | D:6      | Found a broken altar of Ashenzari.
  7523 | D:7      | Reached XP level 10. HP: 71/74 MP: 14/14
  8147 | D:7      | Found a shimmering altar of Xom.
  8184 | D:7      | Reached skill level 10 in Staves
  8214 | D:7      | Found an ornate altar of the Wu Jian Council.
  8369 | D:7      | Found Vopoerchi's Assorted Antiques.
  8408 | D:7      | Bought a scroll labelled QOUSCHA ZURAA for 30 gold pieces
  8408 | D:7      | Bought a scroll labelled FOENUGYXUW for 30 gold pieces
  8408 | D:7      | Bought a black potion for 27 gold pieces
  8603 | D:7      | Noticed a white ugly thing
  8610 | D:7      | Killed a purple ugly thing
  8845 | D:7      | Found Zuta's Book Shoppe.
  8860 | D:7      | Found Har Cuul's Book Shop.
  9172 | D:8      | Noticed Prince Ribbit
  9183 | D:8      | Killed Prince Ribbit
  9305 | D:8      | You fall into a shaft and drop 3 floors!
  9428 | D:11     | Noticed an unseen horror
  9438 | D:11     | Killed an unseen horror
  9638 | D:11     | Found a staircase to the Lair.
  9695 | D:11     | Noticed a cyan ugly thing
  9755 | D:11     | Identified the +5 dagger "Vukuse" {vorpal, rC+ rN+ Str+3
                  | Stlth+}
  9811 | D:11     | Noticed a two-headed ogre
  9820 | D:11     | Killed a two-headed ogre
  9820 | D:11     | Reached ***** piety under Okawaru
  9821 | D:11     | Reached XP level 11. HP: 65/83 MP: 17/17
  9869 | Lair:1   | Entered Level 1 of the Lair of Beasts
  9898 | Lair:1   | Reached skill level 11 in Staves
 10129 | Lair:1   | Received a gift from Okawaru
 10300 | Lair:1   | Found a shimmering altar of Xom.
 10361 | Lair:1   | Reached skill level 10 in Invocations
 10962 | Lair:2   | Noticed a death yak
 10965 | Lair:2   | Noticed a death yak
 10965 | Lair:2   | Noticed a death yak
 10979 | Lair:2   | Killed a death yak
 10991 | Lair:2   | Killed a death yak
 11002 | Lair:2   | Killed a death yak
 11003 | Lair:2   | Reached skill level 12 in Staves
 11016 | Lair:2   | Found a frozen archway.
 11035 | IceCv    | Entered an ice cave
 11329 | IceCv    | HP: 1/81 [entropy weaver simulacrum (12)]
 11335 | IceCv    | Reached XP level 12. HP: 22/90 MP: 14/20
 11830 | IceCv    | Found the +7 Singing Sword {vorpal, sonic wave}
 12317 | Lair:2   | Reached skill level 13 in Staves
 12792 | D:10     | Entered Level 10 of the Dungeon
 12792 | D:10     | Found Foamienn's Weapon Shoppe.
 13317 | D:10     | Noticed a two-headed ogre
 13335 | D:10     | Killed a two-headed ogre
 13335 | D:10     | Received a gift from Okawaru
 13448 | D:10     | Reached skill level 14 in Staves
 13588 | D:10     | Found a staircase to the Orcish Mines.
 13732 | D:9      | Reached skill level 1 in Evocations
 13739 | D:9      | Reached XP level 13. HP: 89/99 MP: 22/22
 13744 | D:9      | Reached ****** piety under Okawaru
 13875 | D:9      | Found a sacrificial altar of Ru.
 14171 | D:9      | Found a shimmering blue altar of Sif Muna.
 14250 | D:9      | Found Tuleanko's Book Boutique.
 14300 | D:9      | Found a sparkling altar of Nemelex Xobeh.
 14464 | D:9      | Identified a scroll of acquirement
 14465 | D:9      | Acquired the amulet of Jouquv {Acrobat -Tele rC+ Dex+3}
 14599 | Lair:3   | Noticed a six-headed hydra
 14612 | Lair:3   | Killed a six-headed hydra
 14636 | Arena    | Entered the Arena
 14647 | Arena    | Upgraded the game from 0.29-a0-323-g050149af67 to
                  | 0.29-a0-330-g52719c12eb
 14672 | Lair:3   | HP: 5/101 [death yak (18)]
 14672 | Lair:3   | Slain by a death yak

Illustrated notes

Levels and vault maps discovered:
D:1:      dreamdust_arrival_sigmund_warning, layout_loops_cross,
          hellmonk_ecumenical_altar_dog_temple
D:2:      layout_basic, basic_altar, uniq_natasha
D:3:      minmay_chambers_of_threes, layout_loops_cross,
          mainiacjoe_overflow_concentric_impassable,
          mainiacjoe_overflow_alcove_3, uniq_crazy_yiuf_cottage, uniq_ijyb,
          uniq_grinder
D:4:      layout_basic, uniq_sigmund, uniq_edmund
D:5:      layout_rooms, kennysheep_mini, serial_corexii_hall,
          corexii_hall_statues_x, corexii_hall_statues_x, serial_shops,
          shop_coins, dk_rats_in_the_wall
D:6:      layout_basic, nicolae_ashenzari_skybound, cheibriados_altar_1,
          minmay_temple_entry_overgrown, uniq_eustachio
D:7:      wad_crossroads, layout_basic, pdpol_wu_jian_five_deadly_venoms,
          mainiacjoe_overflow_paths, serial_shops,
          nicolae_shop_overgrown_old_shop, shop_coins, shop
D:8:      wad_woods_pond, layout_cave_pods, uniq_prince_ribbit1
D:9:      layout_roguey, lemuel_blue_sif_altar,
          mainiacjoe_overflow_cross_hatched, kennysheep_mini_moat, serial_shops,
          kennysheep_little_box
D:10:     layout_roguey, orc_0_dummy, serial_shops, shop, pond
D:11:     minmay_cornered_nines, layout_cave_pods, lair_entry_dummy,
          nicolae_twisting_strands, lemuel_nasty_fountain
Temple:   nicolae_temple_figure_zero
Lair:1:   layout_concentric_octagons, basic_altar, grunt_megastairs_3
Lair:2:   layout_hall_layers, portal_ice_cave_entry_pillars_1, minmay_holes,
          st_stairs_11
Lair:3:   layout_cellular_growth, minmay_shoals_entry_lonely_mermaid,
          grunt_megastairs_1, lemuel_fruit_fields

Skill      XL: |  1  2  3  4  5  6  7  8  9 10 11 12 13 |
---------------+----------------------------------------+-----
Staves         | 3 4 5 7 8 9 10 12 14 | 14.0
Invocations    | 1 4 6 8 11 12 13 | 13.3
Shields        | 4 5 6 |  6.0
Fighting       | 4 5 6 8 9 |  9.4
Armour         | 4 5 6 8 9 |  9.4
Evocations     | 1 3 |  3.6

Action                   |  1- 3 |  4- 6 |  7- 9 | 10-12 | 13-15 || total
-------------------------+-------+-------+-------+-------+-------++-------
Melee: Quarterstaff      |    66 |    86 |   242 |   675 |   192 ||  1261
Throw: Dart              |       |       |       |     4 |       ||     4
Invok: Heroism           |       |       |     2 |     5 |       ||     7
       Finesse           |       |       |       |     5 |     1 ||     6
       Duel              |       |       |       |       |     1 ||     1
 Abil: Dig               |       |       |     2 |     2 |       ||     4
       Shaft Self        |       |       |       |     1 |       ||     1
Evoke: Wand              |       |       |     9 |    11 |       ||    20
       Condenser vane    |       |       |       |     1 |       ||     1
  Use: Potion            |       |     2 |     4 |     7 |     6 ||    19
       Scroll            |       |     1 |       |    17 |     3 ||    21
 Stab: Distracted        |       |     1 |     1 |       |       ||     2
       Petrifying        |       |       |     2 |       |       ||     2
       Confused          |       |       |     1 |       |       ||     1
       Paralysed         |       |       |       |     1 |       ||     1
Armor: Scale mail        |    35 |    21 |    22 |       |       ||    78
       Chain mail        |       |       |    83 |   285 |   115 ||   483
       Skin              |       |       |       |    40 |    15 ||    55
Dodge: Dodged            |    27 |    22 |   100 |   173 |    56 ||   378
Block: Buckler           |    11 |    16 |    54 |   113 |    54 ||   248

Table legend: (Time is in decaauts)
 A = Elapsed time spent in this place.
 B = Non-inter-level travel time spent in this place.
 C = Inter-level travel time spent in this place.
 D = Time resting spent in this place.
 E = Time spent auto-exploring this place.
 F = Levels seen in this place.
 G = Mean time per level.
                   A        B        C        D        E       F      G
               +--------+--------+--------+--------+--------+-----+--------+
         Total |  14361 |  13352 |   1009 |   1947 |   9005 |  17 |  844.8 |
       Dungeon |  11329 |  10502 |    827 |   1611 |   7233 |  11 | 1029.9 |
        Temple |    182 |    182 |      0 |    181 |      0 |   1 |  182.0 |
          Lair |   2016 |   1834 |    182 |     56 |   1456 |   3 |  672.0 |
      Ice Cave |    803 |    803 |      0 |     99 |    315 |   1 |  803.0 |
         Arena |     29 |     29 |      0 |      0 |      0 |   1 |   29.0 |
               +--------+--------+--------+--------+--------+-----+--------+

Top non-repeatable levels by time:
     D:2: 1895 daAuts
     D:7: 1616 daAuts
     D:4: 1461 daAuts
     D:3: 1461 daAuts
  Lair:1: 1034 daAuts
  Lair:2: 959 daAuts
    D:10: 924 daAuts
     D:5: 906 daAuts
     D:6: 842 daAuts
   IceCv: 803 daAuts
     D:9: 745 daAuts
     D:1: 707 daAuts
    D:11: 574 daAuts
     D:8: 194 daAuts
  Temple: 182 daAuts
